 Dungeon Crawl Stone Soup version 0.28-a0-1213-g0243856f03 (webtiles) character file.

Game seed: 14449326019071702577

32 septik the Chopper (level 3, 0/33 HPs)
             Began as a Minotaur Berserker on Dec 21, 2021.
             Was a Follower of Trog.
             Slain by an orc priest (7 damage)
             ... on level 2 of the Dungeon.
             The game lasted 00:01:32 (1074 turns).

septik the Chopper (Minotaur Berserker)             Turns: 1074, Time: 00:01:32

Health: 0/33       AC:  2    Str: 23    XL:     3   Next: 8%
Magic:  2/2        EV: 12    Int:  4    God:    Trog [*.....]
Gold:   47         SH:  0    Dex:  9    Spells: 2/2 levels left

rFire   . . .      SeeInvis .   a - +0 hand axe
rCold   . . .      Faith    .   (no shield)
rNeg    . . .      Spirit   .   b - +0 animal skin
rPois   .          Reflect  .   (helmet restricted)
rElec   .          Harm     .   (no cloak)
rCorr   .          Rampage  .   (no gloves)
Will    .....                   (no boots)
Stlth   +.........              (no amulet)
HPRegen 0.11/turn               (no ring)
MPRegen 0.08/turn               (no ring)

@: no status effects
A: horns 2, retaliatory headbutt
a: Renounce Religion, Berserk


You were on level 2 of the Dungeon.
You worshipped Trog.
Trog was aware of your devotion.
You visited 1 branch of the dungeon, and saw 2 of its levels.

You collected 47 gold pieces.

Inventory:

Hand Weapons
 a - a +0 hand axe (weapon)
Missiles
 e - 29 stones (quivered)
Armour
 b - a +0 animal skin (worn)
Scrolls
 c - a scroll of immolation {unknown}
 f - a scroll of blinking {unknown}
 g - a scroll of fog {unknown}
 i - a scroll of identify {unknown}
Potions
 d - a potion of might {unknown}
 h - a potion of degeneration {unknown}


   Skills:
 - Level 3.7 Fighting
 + Level 5.1 Axes
 - Level 2.4 Armour
 - Level 2.2 Dodging


You had 2 spell levels left.
You didn't know any spells.
Your spell library was empty.

Dungeon Overview and Level Annotations

Branches:
Dungeon (2/15)

Altars:

Shops:
D:1 *


Innate Abilities, Weirdness & Mutations

You have a pair of horns on your head.
You reflexively headbutt those who attack you in melee.


Message History

The orc is moderately wounded.
The orc hits you with a +0 flail!
You hit the orc.
The orc is severely wounded.
The orc hits you with a +0 flail.
You hit the orc.
You kill the orc!
Trog accepts your kill.
An orc priest comes into view. It is wielding a +0 hand axe.
Unknown command.
Things that are here:
a +0 flail; an orc corpse You barely miss the orc priest.
Your headbutt misses the orc priest. The orc priest closely misses you.
You closely miss the orc priest.
The orc priest hits you with a +0 hand axe.
You hit the orc priest but do no damage.
An orc comes into view. It is wielding a +0 flail.
The orc priest hits you with a +0 hand axe.
You closely miss the orc priest. The orc priest barely misses you.
You fail to use your ability.
The orc priest begins to cast a cantrip, but forgets the words!
Unknown command.
You closely miss the orc priest. Your headbutt misses the orc priest.
The orc priest hits you with a +0 hand axe!
You hit the orc priest.
The orc priest is lightly wounded.
The orc priest hits you with a +0 hand axe.
* * * LOW HITPOINT WARNING * * *
You barely miss the orc priest.
The orc priest is lightly wounded.
The orc priest barely misses you.
You barely miss the orc priest.
The orc priest is lightly wounded.
The orc priest hits you with a +0 hand axe.
* * * LOW HITPOINT WARNING * * *
You closely miss the orc priest.
The orc priest is lightly wounded.
The orc priest hits you with a +0 hand axe!
You die...

#.#..#
####.....
#........
#.####..#
#######.####..#
#..........#...
#
#.#####.##.#..#
#.####.# #.#
#... #oo@...#
#.. . ########
####


You could see an orc priest and an orc.

Vanquished Creatures
  2 dart slugs (D:1)
  An orc (D:2)
  2 ball pythons (D:1)
  5 endoplasms
  4 hobgoblins
  4 bats
  2 frilled lizards
  2 goblins
  A kobold (D:2)
  3 rats
26 creatures vanquished.

Notes
Turn   | Place    | Note
-------+----------+-------------------------------------------
     0 | D:1      | septik the Minotaur Berserker began the quest for the Orb.
     0 | D:1      | Reached XP level 1. HP: 19/19 MP: 0/0
    46 | D:1      | Reached skill level 4 in Axes
   166 | D:1      | Reached XP level 2. HP: 27/27 MP: 1/1
   732 | D:1      | Found Daciq's General Store.
   970 | D:2      | Reached skill level 5 in Axes
  1038 | D:2      | Reached XP level 3. HP: 33/33 MP: 2/2
  1074 | D:2      | Slain by an orc priest

Illustrated notes

Levels and vault maps discovered:
D:1:      dpeg_arrival_pits, layout_loops_cross, serial_shops, shop
D:2:      layout_loops_cross, shapermc_ecumenical_altar_notcrosses

Skill      XL: |  1  2 |
---------------+-------+-----
Axes           | 4 5 |  5.1
Fighting       | |  3.7
Armour         | |  2.4
Dodging        | |  2.2

Action                   || total
-------------------------++-------
Melee: Hand axe          ||    55
       Headbutt          ||    10
Armor: Animal skin       ||     6
Dodge: Dodged            ||    26

Table legend: (Time is in decaauts)
 A = Elapsed time spent in this place.
 B = Non-inter-level travel time spent in this place.
 C = Inter-level travel time spent in this place.
 D = Time resting spent in this place.
 E = Time spent auto-exploring this place.
 F = Levels seen in this place.
 G = Mean time per level.
                   A        B        C        D        E       F      G
               +--------+--------+--------+--------+--------+-----+--------+
         Total |   1077 |   1051 |     26 |      0 |    884 |   2 |  538.5 |
       Dungeon |   1077 |   1051 |     26 |      0 |    884 |   2 |  538.5 |
               +--------+--------+--------+--------+--------+-----+--------+

Top non-repeatable levels by time:
     D:1: 874 daAuts
     D:2: 202 daAuts
